 Dungeon Crawl Stone Soup version 0.29.0-4-gdea44cf6ec (webtiles) character file.

Game seed: 1045846124868341676

68 qw the Chopper (level 4, -3/26 HPs)
             Began as a Tengu Warper on Aug 28, 2022.
             Slain by an iguana (11 damage)
             ... on level 4 of the Dungeon.
             The game lasted 00:00:09 (2211 turns).

qw the Chopper (Tengu Warper)                       Turns: 2211, Time: 00:00:09

Health: -3/26      AC:  3    Str: 14    XL:     4   Next: 19%
Magic:  8/8        EV: 12    Int: 13    God:
Gold:   71         SH:  5    Dex: 13    Spells: 7/7 levels left

rFire   . . .      SeeInvis .   Y - +0 hand axe
rCold   . . .      Faith    .   (no shield)
rNeg    . . .      Spirit   .   b - +0 leather armour
rPois   .          Reflect  +   (helmet restricted)
rElec   .          Harm     .   (no cloak)
rCorr   .          Rampage  .   (no gloves)
Will    +....                   (boots unavailable)
Stlth   +.........              l - amulet of reflection
HPRegen 0.08/turn               h - ring of willpower
MPRegen 0.11/turn               (no ring)

@: no status effects
A: beak, talons 3
a: no special abilities


You were on level 4 of the Dungeon.
You visited 1 branch of the dungeon, and saw 3 of its levels.

You collected 71 gold pieces.


Innate Abilities, Weirdness & Mutations

You have a beak for a mouth.
You have claws for feet.


   Skills:
 - Level 2.0 Fighting
 + Level 4.8 Axes
 - Level 1.0 Throwing
 - Level 1.1 Armour
 - Level 2.1 Dodging
 - Level 2.0 Spellcasting
 - Level 2.4 Translocations


You had 7 spell levels left.
You didn't know any spells.
Your spell library contained the following spells:

 Spells                   Type           Power      Damage    Failure   Level
 Blink                    Tloc           14%        N/A       19%         2
 Gell's Gravitas          Tloc           7%         N/A       34%         3
 Lesser Beckoning         Tloc           7%         N/A       34%         3
 Teleport Other           Tloc           7%         N/A       34%         3
 Manifold Assault         Tloc           7%         N/A       97%         5

Inventory:

Hand Weapons
 j - a +0 whip
 Y - a +0 hand axe (weapon)
Armour
 b - a +0 leather armour (worn)
Jewellery
 h - a ring of willpower (left hand)
 l - an amulet of reflection (around neck)
Scrolls
 a - 2 scrolls of teleportation
 g - a scroll of identify
 i - a scroll of fog {unknown}
Potions
 c - a potion of curing {unknown}
 d - a potion of heal wounds {unknown}
 e - a potion of magic {unknown}
 f - a potion of degeneration {unknown}
 k - a potion of lignification {unknown}

Dungeon Overview and Level Annotations

Branches:
Dungeon (2/15)

Altars:


Message History

The giant cockroach bites you but does no damage.
You closely miss the giant cockroach.
You claw the giant cockroach, but do no damage.
You peck the giant cockroach.
The giant cockroach is moderately wounded.
The giant cockroach barely misses you.
The giant cockroach bites you but does no damage.
You completely miss the giant cockroach.
Your kick misses the giant cockroach.
The giant cockroach is moderately wounded.
The giant cockroach closely misses you.
You closely miss the giant cockroach. You claw the giant cockroach.
You kill the giant cockroach!
A sourceless malevolence fills the Dungeon...
You fall into a shaft and drop 2 floors!
The shaft crumbles and collapses.
f - a bubbling purple potion Existing waypoints: (1) D:2 (2) D:1 Assign waypoint to what number? (0-9, D - delete waypoint) Waypoint 2 re-assigned from D:1 to D:4.
i - a scroll labelled QUAREM TUORR
Enter note: An iguana comes into view.
Found a silvery potion.
The iguana hisses angrily.
You hit the iguana. Your peck misses the iguana.
The iguana is lightly wounded.
The iguana bites you!
You hit the iguana. You claw the iguana, but do no damage.
Your peck misses the iguana.
The iguana is lightly wounded.
The iguana barely misses you.
You hit the iguana but do no damage.
The iguana is lightly wounded.
The iguana bites you!
You hit the iguana but do no damage.
The iguana is lightly wounded.
The iguana bites you!
You die...

.# .. .# .# ##.##
#######...####
.......l.....+
#@..# ##...#
##.#.#.# #.##.# !#
#....# .# #+#
#.#####.# #.#
#..###.#######.#
#.#..........#.##
#.##.#######....##


You could see an iguana.

Vanquished Creatures
  2 gnolls (D:2)
  2 adders (D:2)
  A dart slug (D:1)
  A bat (D:1)
  4 endoplasms
  2 giant cockroaches
  A goblin (D:1)
  5 hobgoblins
  2 ball pythons (D:1)
  3 frilled lizards (D:1)
  4 kobolds
  3 rats
30 creatures vanquished.

Notes
Turn   | Place    | Note
-------+----------+-------------------------------------------
     0 | D:1      | qw the Tengu Warper began the quest for the Orb.
     0 | D:1      | Reached XP level 1. HP: 12/12 MP: 4/4
     0 | D:1      | 0 ||| qw: Version: 0.1-a-89-g26bdef1
     0 | D:1      | 0 ||| qw: Game counter: 792
     0 | D:1      | 0 ||| qw: Always use a shield: true
     0 | D:1      | 0 ||| qw: God list: Okawaru
     0 | D:1      | 0 ||| qw: Allow faded altars: false
     0 | D:1      | 0 ||| qw: Do Orc after D:15 true
     0 | D:1      | 0 ||| qw: Do second Lair branch before Depths: true
     0 | D:1      | 0 ||| qw: Lair rune preference: random
     0 | D:1      | 0 ||| qw: Plans: Normal
     0 | D:1      | 0 ||| PLANNING D:1-11
   194 | D:1      | 194 ||| Stepping ~*~*~tactically~*~*~ (hiding).
   302 | D:1      | Reached XP level 2. HP: 11/17 MP: 6/6
   418 | D:1      | Reached skill level 3 in Axes
  1062 | D:1      | 1062 ||| DROPPING +0 club.
  1083 | D:1      | 1083 ||| Stepping ~*~*~tactically~*~*~ (stealth).
  1084 | D:1      | 1084 ||| Stepping ~*~*~tactically~*~*~ (stealth).
  1516 | D:1      | 1516 ||| UPGRADING to amulet of reflection.
  1521 | D:1      | 1521 ||| UPGRADING to ring of willpower.
  1522 | D:1      | 1522 ||| READING 3 scrolls labelled EBOGA LORCHAM.
  1526 | D:1      | 1526 ||| READING 2 scrolls labelled USOJASM HEFFIG.
  1527 | D:1      | 1527 ||| READING scroll labelled KYULAX JOURHI.
  1528 | D:1      | 1528 ||| DROPPING scroll of blinking.
  1583 | D:2      | Reached skill level 4 in Axes
  1583 | D:2      | Reached XP level 3. HP: 8/21 MP: 7/7
  1585 | D:2      | HP: 5/21 [poisoned by an adder]
  1589 | D:2      | 1589 ||| FLEEEEING.
  1590 | D:2      | 1590 ||| STAIRDANCE
  1821 | D:2      | 1821 ||| STAIRDANCE
  1915 | D:2      | 1915 ||| Stepping ~*~*~tactically~*~*~ (stealth).
  1923 | D:2      | 1923 ||| FLEEEEING.
  1924 | D:2      | 1924 ||| FLEEEEING.
  2018 | D:2      | 2018 ||| FLEEEEING.
  2105 | D:2      | 2105 ||| Stepping ~*~*~tactically~*~*~ (stealth).
  2113 | D:2      | Reached XP level 4. HP: 26/26 MP: 8/8
  2170 | D:2      | You fall into a shaft and drop 2 floors!
  2211 | D:4      | Slain by an iguana

Levels and vault maps discovered:
D:1:      dpeg_arrival_oval, layout_basic, minmay_misc_feat_encased,
          grunt_decor_mini_mirrors
D:2:      layout_rooms, dilly_ecumenical_altar_fadedgnrine, kennysheep_potato
D:4:      layout_loops_corners, mainiacjoe_overflow_tiny_flanked, uniq_robin

Skill      XL: |  1  2 |
---------------+-------+-----
Axes           | 4 |  4.8
Fighting       | |  2.0
Throwing       | |  1.0
Armour         | |  1.1
Dodging        | |  2.1
Spellcasting   | |  2.0
Translocations | |  2.4

Action                   |  1- 3 |  4- 6 || total
-------------------------+-------+-------++-------
Melee: Hand axe          |    78 |    10 ||    88
       Kick              |    12 |     5 ||    17
       Peck              |    10 |     2 ||    12
Throw: Boomerang         |     7 |       ||     7
  Use: Scroll            |     3 |       ||     3
Armor: Leather armour    |     9 |     2 ||    11
Dodge: Dodged            |    30 |     4 ||    34
Block: Other             |     7 |       ||     7

Table legend:
 A = Non-vault XP
 B = Vault XP
 C = Vault XP percentage of total XP
 D = Non-vault monster count
 E = Vault monster count
 F = Vault count percentage of total count
                 A         B        C        D         E       F
            +---------+---------+-------+---------+---------+-------
      Total |      98 |       0 |   0.0 |      30 |       0 |   0.0
            +---------+---------+-------+---------+---------+-------
        D:1 |      34 |       0 |   0.0 |      20 |       0 |   0.0
        D:2 |      64 |       0 |   0.0 |      10 |       0 |   0.0
            +---------+---------+-------+---------+---------+-------
